 Dungeon Crawl Stone Soup version 0.28.0-43-g3370ac3207 (webtiles) character file.

Game seed: 95019890472683454

65 terff the Conjurer (level 4, -3/24 HPs)
             Began as a Gargoyle Conjurer on Mar 20, 2022.
             Slain by a gnoll
             ... wielding a +0 club
              (6 damage)
             ... on level 2 of the Dungeon.
             The game lasted 00:05:45 (2174 turns).

terff the Conjurer (Gargoyle Conjurer)              Turns: 2174, Time: 00:05:47

Health: -3/24      AC:  5    Str: 11    XL:     4   Next: 14%
Magic:  2/7        EV: 12    Int: 20    God:
Gold:   41         SH:  0    Dex:  8    Spells: 5/8 levels left

rFire   . . .      SeeInvis .   c - +0 short sword
rCold   . . .      Faith    .   (no shield)
rNeg    + . .      Spirit   .   a - +0 robe
rPois   ∞          Reflect  .   (no helmet)
rElec   +          Harm     .   (no cloak)
rCorr   .          Rampage  .   (no gloves)
Will    .....                   (no boots)
Stlth   ++........              (no amulet)
HPRegen 0.08/turn               (no ring)
MPRegen 0.10/turn               (no ring)

@: no status effects
A: sickness immunity, AC +3, negative energy resistance 1, electricity
resistance, torment resistance 1, petrification resistance
a: no special abilities


You were on level 2 of the Dungeon.
You visited 1 branch of the dungeon, and saw 2 of its levels.

You collected 41 gold pieces.

Inventory:

Hand Weapons
 c - a +0 short sword (weapon)
 i - a +0 mace
Armour
 a - a +0 robe (worn)
Scrolls
 b - a scroll of fog
 g - 2 scrolls of enchant armour {unknown}
 h - a scroll of acquirement {unknown}
Potions
 d - a potion of attraction {unknown}
 e - a potion of lignification {unknown}
 f - a potion of degeneration {unknown}


   Skills:
 + Level 0.2 Fighting
 + Level 0.1 Short Blades
 + Level 2.0 Dodging
 + Level 2.8 Stealth
 + Level 0.4 Unarmed Combat
 + Level 2.5 Spellcasting
 + Level 5.0 Conjurations


You had 5 spell levels left.
You knew the following spells:

 Your Spells              Type           Power      Damage    Failure   Level
a - Magic Dart            Conj           88%        1d7       1%          1
b - Searing Ray           Conj           44%        2d6       2%          2

Your spell library contained the following spells:

 Spells                   Type           Power      Damage    Failure   Level
 Dazzling Flash           Conj/Hex       24%        N/A       16%         3
 Call Canine Familiar     Summ           2%         N/A       41%         3
 Portal Projectile        Hex/Tloc       4%         N/A       41%         3
 Fulminant Prism          Conj/Hex       6%         3d7       45%         4
 Iskenderun's Mystic Bla  Conj/Tloc      12%        2d5       45%         4
 Leda's Liquefaction      Hex/Erth       1%         N/A       83%         4


Dungeon Overview and Level Annotations

Branches:
Dungeon (2/15)

Altars:


Innate Abilities, Weirdness & Mutations

You are immune to sickness and miasma.
Your stone body is resilient. (AC +3)
You are immune to poison.
You resist negative energy. (rN+)
You are resistant to electric shocks. (rElec)
You are resistant to unholy torment.
You are immune to petrification.


Message History

i - a +0 mace The gnoll shouts!
The gnoll closely misses you.
You hit the gnoll.
The gnoll is moderately wounded.
The gnoll hits you with a +0 falchion. The gnoll hits you with a +0 falchion.
The gnoll hits you with a +0 whip.
As you read the scroll of fog, it crumbles to dust.
The scroll dissolves into smoke.
The gnoll closely misses you. The gnoll hits you with a +0 whip.
* * * LOW HITPOINT WARNING * * *
Casting: Magic Dart (safe; 1% risk of failure)
Confirm with . or Enter, or press ? or * to list all spells.
Aiming: Searing Ray (safe; 3% risk of failure)
Press: ? - help, Shift-Dir - straight line, f - gnoll
Aim: a gnoll, wielding a +0 whip (purple smoke, 81% to hit)
The searing ray hits the gnoll!
The gnoll is almost dead.
The searing ray hits the gnoll!
The gnoll is heavily wounded. (Press . to maintain the ray.)
The gnoll closely misses you.
The searing ray hits the gnoll.
You kill the gnoll!
The searing ray hits the gnoll.
You kill the gnoll!
The gnoll closely misses you.
Your Dodging skill increases to level 2!
You have reached level 4!
You feel stronger.
Casting: Searing Ray (safe; 2% risk of failure)
Confirm with . or Enter, or press ? or * to list all spells.
Aiming: Magic Dart (safe; 1% risk of failure)
Press: ? - help, Shift-Dir - straight line, f - gnoll
Aim: a gnoll, wielding a +0 club (purple smoke, 100% to hit)
The magic dart hits the gnoll.
The gnoll is moderately wounded.
The gnoll hits you with a +0 club.
You die...

######.#######
#####............#
#.....####.#####.#
#.##### #.### #.# #.#
#.#.# #.# .#
#.########..#.##.###..##
#........#§###§..>......
### #)#§§#§#...#.....
#.#§@§§§.........
#####.#§§g§#...#.....
#......§§#§§#........
#.###..§###..##.#####
##....#....#.#
##...†###.....# ##....##
##....# ##......# .....
####......##


You could see a gnoll.

Vanquished Creatures
  2 gnolls (D:2)
  An adder (D:2)
  A dart slug (D:1)
  2 bats
  7 endoplasms
  2 giant cockroaches (D:1)
  5 hobgoblins (D:1)
  A quokka (D:1)
  A ball python (D:1)
  A frilled lizard (D:1)
  5 goblins (D:1)
  A kobold (D:1)
  3 rats (D:1)
32 creatures vanquished.

Notes
Turn   | Place    | Note
-------+----------+-------------------------------------------
     0 | D:1      | terff the Gargoyle Conjurer began the quest for the Orb.
     0 | D:1      | Reached XP level 1. HP: 10/10 MP: 3/3
   695 | D:1      | Reached XP level 2. HP: 8/15 MP: 1/5
  1422 | D:1      | Reached XP level 3. HP: 12/19 MP: 6/6
  1544 | D:1      | Found a faded altar of an unknown god.
  1993 | D:2      | Reached skill level 5 in Conjurations
  2013 | D:2      | Learned a level 2 spell: Searing Ray
  2174 | D:2      | Reached XP level 4. HP: 3/24 MP: 3/7
  2174 | D:2      | Slain by a gnoll

Illustrated notes

Levels and vault maps discovered:
D:1:      minmay_arrival_jagged, layout_basic,
          chequers_ecumenical_altar_simple_redux
D:2:      layout_loops_ring, basic_altar, minmay_misc_feat_roman,
          nicolae_figureground_sparkle

Skill      XL: |  1  2  3 |
---------------+----------+-----
Conjurations   | 5 |  5.0
Dodging        | 2 |  2.0
Fighting       | |  0.2
Short Blades   | |  0.1
Stealth        | |  2.8
Unarmed Combat | |  0.4
Spellcasting   | |  2.5

Action                   |  1- 3 |  4- 6 || total
-------------------------+-------+-------++-------
Melee: Unarmed           |    48 |       ||    48
       Short sword       |    31 |       ||    31
       Punch             |     1 |       ||     1
 Cast: Magic Dart        |    31 |     1 ||    32
       Searing Ray       |     3 |       ||     3
  Use: Scroll            |     2 |       ||     2
Armor: Robe              |    24 |       ||    24
Dodge: Dodged            |    56 |       ||    56
